 Dungeon Crawl Stone Soup version 0.29-a0-1023-g6ae1a4a2c7 (webtiles) character file.

Game seed: 2438361177111625667

3215 nono the Basher (level 10, -1/79 HPs)
             Began as a Meteoran Fighter on Aug 11, 2022.
             Was a Follower of Makhleb.
             Slain by an ancient zyme (6 damage)
             ... on level 2 of the Abyss.
             The game lasted 00:44:37 (4484 turns).

nono the Basher (Meteoran Fighter)                  Turns: 4484, Time: 00:44:37

Health: -1/79      AC: 22    Str: 22    XL:     10   Next: 40%
Magic:  10/10      EV:  8    Int: 10    God:    Makhleb [*.....]
Gold:   121        SH:  6    Dex: 14    Spells: 9/9 levels left

rFire   . . .      SeeInvis .   a - +0 flail
rCold   . . .      Faith    .   c - +0 buckler
rNeg    + . .      Spirit   .   y - +0 plate armour
rPois   .          Reflect  .   B - +2 hat
rElec   .          Harm     .   k - +0 cloak
rCorr   .          Rampage  .   C - +2 pair of gloves
Will    +....                   t - +0 pair of boots
Stlth   ..........              (no amulet)
HPRegen 0.00/turn               m - ring of positive energy
MPRegen 0.12/turn               (no ring)

@: about to teleport, sick, glowing
A: sense surroundings 2, otherworldly, glowing, explore regen, frail 1, low MP 1
a: Renounce Religion


You were on level 2 of the Abyss.
You worshipped Makhleb.
Makhleb was aware of your devotion.
You visited 2 branches of the dungeon, and saw 10 of its levels.
You visited the Abyss 1 time.

You collected 292 gold pieces.
You spent 171 gold pieces at shops.

Inventory:

Hand Weapons
 a - a +0 flail (weapon)
 b - a +0 whip of venom
 v - a +2 short sword of draining
Missiles
 e - 5 javelins (quivered)
Armour
 c - a +0 buckler (worn)
 d - a +0 pair of gloves
 k - a +0 cloak (worn)
 t - a +0 pair of boots (worn)
 y - a +0 plate armour (worn)
 B - a +2 hat (worn)
 C - a +2 pair of gloves (worn)
 F - a +0 scale mail
Jewellery
 i - a +6 ring of strength
 m - a ring of positive energy (left hand)
Wands
 w - a wand of iceblast (19)
 H - a wand of flame (21)
Scrolls
 g - 3 scrolls of blinking {unknown}
 h - 2 scrolls of enchant weapon {unknown}
 n - 3 scrolls of teleportation
 o - a scroll of noise {unknown}
 s - 2 scrolls of magic mapping {unknown}
 u - a scroll of amnesia
 x - 2 scrolls of vulnerability
 I - a scroll of poison {unknown}
Potions
 f - 4 potions of curing
 j - a potion of heal wounds
 l - 2 potions of brilliance
 p - a potion of flight
 q - 2 potions of cancellation
 r - a potion of lignification
 z - 2 potions of magic {unknown}
 A - a potion of attraction
 E - a potion of mutation {unknown}
 G - a potion of invisibility {unknown}


   Skills:
 + Level 8.0 Fighting
 + Level 9.1 Maces & Flails
 + Level 8.7 Armour
 + Level 3.5 Dodging
 + Level 8.7 Shields


You had 9 spell levels left.
You didn't know any spells.
Your spell library contained the following spells:

 Spells                   Type           Power      Damage    Failure   Level
 Blink                    Tloc           0%         N/A       100%        2
 Ensorcelled Hibernation  Hex/Ice        0%         N/A       100%        2
 Searing Ray              Conj           0%         2d4       100%        2
 Call Canine Familiar     Summ           0%         N/A       100%        3
 Lesser Beckoning         Tloc           0%         N/A       100%        3
 Portal Projectile        Hex/Tloc       0%         N/A       100%        3
 Spider Form              Tmut/Pois      0%         N/A       100%        3
 Stone Arrow              Conj/Erth      0%         3d7       100%        3
 Airstrike                Air            0%         2d(0-16)  100%        4
 Anguish                  Hex/Necr       0%         N/A       100%        4
 Leda's Liquefaction      Hex/Erth       0%         N/A       100%        4
 Summon Lightning Spire   Summ/Air       0%         N/A       100%        4
 Lightning Bolt           Conj/Air       0%         1d11      100%        5
 Manifold Assault         Tloc           0%         N/A       100%        5


Dungeon Overview and Level Annotations

Branches:
Dungeon (9/15) Zot: 1009   Temple (1/1) D:5 Zot: 560
   Lair: D:8-11         Orc: D:9-12

Altars:
Makhleb
Nemelex Xobeh
Ru
Trog
Wu Jian
The Shining One

Shops:
D:1 =   D:5 (*   D:6 *

Annotations:
D:9 Erolcha


Innate Abilities, Weirdness & Mutations

You passively map the area around you.
You are easily found by Zot.
You glow in the dark.
You regain HP and MP as you explore.
You are frail. (-10% HP)
Your magical capacity is low. (-10% MP)


Message History

You sock the small abomination!
You destroy the small abomination!
Makhleb accepts your kill.
Your Fighting skill increases to level 8!
There is a gateway leading deeper into the Abyss here.
A daeva comes into view.
It is wielding a +5 eudemon blade of holy wrath.
The daeva shouts!
The daeva calls down the wrath of the Shining One upon you.
The Shining One smites you!
A large abomination comes into view.
A large abomination comes into view.
As you read the scroll of teleportation, it crumbles to dust.
You feel strangely unstable.
You feel the power of the Abyss delaying your translocation!
A will-o-the-wisp comes into view.
The will-o-the-wisp gives a chilling moan.
You feel ill.
You feel ill. The will-o-the-wisp engulfs you!
The will-o-the-wisp engulfs you but does no damage.
You feel ill.
The daeva calls down the wrath of the Shining One upon you.
The Shining One smites you!
The will-o-the-wisp gestures.
The will-o-the-wisp conjures some foxfire! 2 foxfires come into view.
The foxfire hits you. The foxfire hits you!!
You feel ill.
The will-o-the-wisp gestures.
The will-o-the-wisp conjures some foxfire! 2 foxfires come into view.
The foxfire hits you.
The ancient zyme attacks as you move away!
The ancient zyme hits you.
* * * LOW HITPOINT WARNING * * *
The ancient zyme hits you but does no damage.
The foxfire hits you!
* * * LOW HITPOINT WARNING * * *
The will-o-the-wisp blinks!
The ancient zyme attacks as you move away!
The ancient zyme hits you.
You die...

# #.. # .##.X## .. #
##.# .#.# .##. ...#.
#.# ..# # ....#
#..#..#. ..#.#...#
..#....## ###.#.#.. ##
# . ....##.#...#.##..#
..
#..##.X.##......#.#.# .
#.#...###A..§.#@###..
...>...#....x#..#..# #
#...#.##....#v......# .
#..#...#§#.###..##....#
.
#####.#....##§##.###..#
. #..#...#..##....... #
##...#.##. .... . #.
###.......##..#..
###..## ##.# #


You could see an ancient zyme and a will-o-the-wisp.

Vanquished Creatures
  A hornet (D:8)
  A wraith (D:8)
  Eustachio (D:5)
  2 wyverns (D:8)
  A neqoxec (Abyss:2)
  2 steam dragons (D:8)
  A water moccasin (D:6)
  A small abomination (Abyss:2)
  An ice beast (D:6)
  A black bear (D:6)
  A sky beast (D:8)
  4 ogres
  A phantom (D:5)
  A centaur (D:7)
  A kobold brigand (D:7)
  2 scorpions (D:6)
  3 wights (D:8)
  A vampire bat (D:4)
  A hound (D:4)
  2 orc priests
  A gnoll bouda (D:5)
  An iguana (D:6)
  11 orc wizards
  7 adders
  8 gnolls
  A shadow imp (D:6)
  2 white imps (D:7)
  3 ufetubi
  2 dart slugs
  3 fire bats (D:4)
  25 orcs
  2 spectral bats (D:4)
  7 ball pythons
  15 bats
  3 bat skeletons (D:4)
  A bat zombie (D:4)
  8 endoplasms
  2 giant cockroaches
  6 hobgoblins
  2 jackals (D:3)
  13 kobolds
  A quokka (D:3)
  A bat simulacrum (D:4)
  A frilled lizard (D:3)
  6 goblins
  6 rats
167 creatures vanquished.

Vanquished Creatures (others)
  An orc (D:8)
  4 foxfires (Abyss:2)
5 creatures vanquished.

Grand Total: 172 creatures vanquished

Notes
Turn   | Place    | Note
-------+----------+-------------------------------------------
     0 | D:1      | nono the Meteoran Fighter began the quest for the Orb.
     0 | D:1      | Reached XP level 1. HP: 19/19 MP: 2/2
    74 | D:1      | Reached XP level 2. HP: 21/26 MP: 3/3
   133 | D:1      | Reached skill level 3 in Maces & Flails
   407 | D:1      | Reached XP level 3. HP: 31/31 MP: 4/4
   484 | D:1      | Glimpsed the power of Zot.
   501 | D:1      | Found Himateu's Jewellery Emporium.
   532 | D:1      | Glimpsed the power of Zot.
   656 | D:2      | Reached XP level 4. HP: 22/40 MP: 5/5
   794 | D:2      | Reached XP level 5. HP: 23/46 MP: 6/6
   812 | D:3      | Reached skill level 1 in Dodging
  1011 | D:2      | Reached skill level 4 in Maces & Flails
  1012 | D:2      | HP: 1/46 [gnoll/+0 halberd (5)]
  1020 | D:2      | Got Heerat's Directory of Bolts
  1081 | D:2      | Reached XP level 6. HP: 18/52 MP: 7/7
  1496 | D:3      | Found a faded altar of an unknown god.
  1515 | D:4      | Noticed an ogre
  1522 | D:4      | Killed an ogre
  1523 | D:4      | Reached skill level 5 in Armour
  1523 | D:4      | Reached skill level 5 in Shields
  1523 | D:4      | Reached XP level 7. HP: 26/60 MP: 8/8
  1566 | D:5      | Entered Level 5 of the Dungeon
  1666 | D:5      | Reached skill level 5 in Maces & Flails
  1743 | D:5      | Noticed Eustachio
  2093 | D:4      | Reached skill level 5 in Fighting
  2208 | D:6      | Reached XP level 8. HP: 54/68 MP: 9/9
  2303 | D:6      | Reached skill level 6 in Maces & Flails
  2361 | D:6      | Found a glowing golden altar of the Shining One.
  2397 | D:6      | Found Suasus's General Store.
  2405 | D:6      | Bought a scroll of identify for 28 gold pieces
  2541 | D:6      | HP: 2/70 [poisoned by a water moccasin]
  2683 | D:5      | Killed Eustachio
  2684 | D:5      | Gained mutation: You passively map the area around you.
                  | [Meteoran growth]
  2684 | D:5      | Reached XP level 9. HP: 63/75 MP: 10/10
  2738 | D:5      | Reached skill level 7 in Maces & Flails
  2774 | D:5      | Found Murynaosuh's Antique Weapon Shoppe.
  2799 | D:5      | Found Zitax's General Store.
  2816 | D:5      | Found a sparkling altar of Nemelex Xobeh.
  2817 | D:5      | Found an ornate altar of the Wu Jian Council.
  2880 | D:5      | Found a staircase to the Ecumenical Temple.
  2890 | Temple   | Entered the Ecumenical Temple
  2908 | Temple   | Became a worshipper of Makhleb the Destroyer
  3372 | D:5      | Bought a glowing whip for 143 gold pieces
  3500 | D:8      | Noticed a hornet
  3509 | D:8      | Killed a hornet
  3552 | D:8      | Reached skill level 8 in Maces & Flails
  3619 | D:8      | Reached XP level 10. HP: 21/86 MP: 11/11
  3874 | D:8      | Reached * piety under Makhleb
  3968 | D:9      | Noticed Erolcha
  4233 | D:7      | Reached skill level 9 in Maces & Flails
  4364 | Abyss:2  | Cast into level 2 of the Abyss (Erolcha)
  4408 | Abyss:2  | Noticed a thrashing horror
  4441 | Abyss:2  | Gained mutation: You are frail. (-10% HP) [a neqoxec]
  4443 | Abyss:2  | Gained mutation: Your magical capacity is low. (-10% MP) [a
                  | neqoxec]
  4450 | Abyss:2  | Noticed an ancient zyme
  4470 | Abyss:2  | Noticed a daeva
  4474 | Abyss:2  | Noticed a will-o-the-wisp
  4482 | Abyss:2  | HP: 3/79 [will-o-the-wisp/foxfire (17)]
  4484 | Abyss:2  | Slain by an ancient zyme

Illustrated notes

Levels and vault maps discovered:
D:1:      dpeg_arrival_chambers_temple_mockup, layout_basic, serial_shops,
          shop_statue
D:2:      layout_basic, minmay_distorted
D:3:      layout_loops_corners, dreamdust_ecumenical_altar_angels_and_demons,
          chequers_serial_rivers_micro_c, st_stairs_4
D:4:      layout_loops_cross, goddamned_bats
D:5:      kennysheep_windowed_halls, layout_basic,
          mainiacjoe_overflow_divided_tiny, minmay_temple_entry_poolview,
          serial_shops, nicolae_shop_window_shopping, nicolae_sextant,
          minmay_misc_feat_ornament, kennysheep_another_room,
          kennysheep_small_square, uniq_eustachio
D:6:      layout_basic, nicolae_overflow_crystal_walls, serial_shops,
          nicolae_stop_n_shop_2, kennysheep_flooded_box
D:7:      layout_cave_pools
D:8:      layout_basic, tgw_kikubaaqudgha, chequers_serial_rivers_micro_d,
          kennysheep_path_1
D:9:      layout_loops_ring, amethyst_overflow_temple_binary, kennysheep_mini,
          uniq_erolcha, uniq_maggie, uniq_pikel
Temple:   bh_familiar_temple
Abyss:2:  base:
D:8

Skill      XL: |  1  2  3  4  5  6  7  8  9 10 |
---------------+-------------------------------+-----
Maces & Flails | 3 4 5 6 8 9 |  9.1
Shields        | 4 5 6 8 |  8.7
Armour         | 4 5 6 8 |  8.7
Fighting       | 4 5 6 7 8 |  8.0
Dodging        | 1 2 3 |  3.5

Action                   |  1- 3 |  4- 6 |  7- 9 | 10-12 || total
-------------------------+-------+-------+-------+-------++-------
Melee: Flail             |    83 |   128 |   303 |    36 ||   550
       Whip              |       |       |    59 |    78 ||   137
  Use: Potion            |       |     1 |     2 |       ||     3
       Scroll            |       |       |     8 |     2 ||    10
Armor: Scale mail        |    75 |    49 |    22 |       ||   146
       Plate armour      |       |       |   329 |    79 ||   408
Dodge: Dodged            |    41 |    47 |   145 |    32 ||   265
Block: Buckler           |    30 |    30 |   135 |    23 ||   218

Table legend: (Time is in decaauts)
 A = Elapsed time spent in this place.
 B = Non-inter-level travel time spent in this place.
 C = Inter-level travel time spent in this place.
 D = Time resting spent in this place.
 E = Time spent auto-exploring this place.
 F = Levels seen in this place.
 G = Mean time per level.
                   A        B        C        D        E       F      G
               +--------+--------+--------+--------+--------+-----+--------+
         Total |   4542 |   2543 |   1999 |      0 |    805 |  11 |  412.9 |
       Dungeon |   4389 |   2417 |   1972 |      0 |    796 |   9 |  487.7 |
        Temple |     39 |     12 |     27 |      0 |      7 |   1 |   39.0 |
         Abyss |    113 |    113 |      0 |      0 |      2 |   1 |  113.0 |
               +--------+--------+--------+--------+--------+-----+--------+

Top non-repeatable levels by time:
     D:5: 622 daAuts
     D:4: 618 daAuts
     D:8: 608 daAuts
     D:6: 591 daAuts
     D:1: 565 daAuts
     D:3: 518 daAuts
     D:2: 480 daAuts
     D:7: 378 daAuts
 Abyss:2: 113 daAuts
  Temple: 39 daAuts
     D:9: 6 daAuts
